 Dungeon Crawl Stone Soup version 0.29.1-2-gbd0b4ee654 (webtiles) character file.

Game seed: 13601321385295025914

119 KittyFluff the Cudgeller (level 5, -5/33 HPs)
             Began as a Gargoyle Berserker on Nov 16, 2022.
             Was a Believer of Trog.
             Killed from afar by an orc wizard (7 damage)
             ... with a magic dart
             ... on level 3 of the Dungeon.
             The game lasted 00:07:35 (1981 turns).

KittyFluff the Cudgeller (Gargoyle Berserker)       Turns: 1981, Time: 00:07:35

Health: -5/33      AC: 11    Str: 20    XL:     5   Next: 3%
Magic:  5/5        EV: 11    Int:  8    God:    Trog [**....]
Gold:   144        SH:  0    Dex: 11    Spells: 4/4 levels left

rFire   . . .      SeeInvis .   a - +0 mace
rCold   . . .      Faith    .   (no shield)
rNeg    + . .      Spirit   .   j - +0 leather armour
rPois   ∞          Reflect  .   (no helmet)
rElec   +          Harm     .   (no cloak)
rCorr   .          Rampage  .   s - +2 pair of gloves
Will    .....                   e - +0 pair of boots
Stlth   +.........              (no amulet)
HPRegen 0.11/turn               (no ring)
MPRegen 0.09/turn               (no ring)

@: on berserk cooldown, slowed, very slow
A: sickness immunity, AC +4, negative energy resistance 1, electricity
resistance, torment resistance 1, petrification resistance
a: Renounce Religion, Berserk, Trog's Hand


You were on level 3 of the Dungeon.
You worshipped Trog.
Trog was pleased with you.
You visited 1 branch of the dungeon, and saw 3 of its levels.

You collected 144 gold pieces.

Inventory:

Hand Weapons
 a - a +0 mace (weapon)
 x - a +0 sling
Missiles
 o - 2 throwing nets (quivered)
 r - 7 poisoned darts
 u - 6 javelins
Armour
 e - a +0 pair of boots (worn)
 j - a +0 leather armour (worn)
 s - a +2 pair of gloves (worn)
Jewellery
 b - a ring of positive energy
 v - an amulet of magic regeneration
Scrolls
 c - a scroll of enchant armour {unknown}
 f - 4 scrolls of identify {unknown}
 g - a scroll of summoning {unknown}
 h - a scroll of poison {unknown}
 i - a scroll of teleportation {unknown}
 m - a scroll of blinking {unknown}
 p - 3 scrolls of enchant weapon {unknown}
 q - a scroll of amnesia {unknown}
 t - a scroll of fear {unknown}
 y - a scroll of magic mapping {unknown}
 A - a scroll of torment {unknown}
Potions
 d - 2 potions of curing {unknown}
 k - a potion of berserk rage {unknown}
 l - a potion of cancellation {unknown}
 n - 2 potions of ambrosia {unknown}
 w - a potion of mutation {unknown}
 z - a potion of lignification {unknown}


   Skills:
 + Level 4.2 Fighting
 + Level 4.2 Maces & Flails
 * Level 3.1 Armour
 + Level 2.0 Dodging
 + Level 0.3 Stealth


You had 4 spell levels left.
You didn't know any spells.
Your spell library was empty.

Dungeon Overview and Level Annotations

Branches:
Dungeon (3/15)

Altars:


Innate Abilities, Weirdness & Mutations

You are immune to sickness and miasma.
Your stone body is resilient. (AC +4)
You are immune to poison.
You resist negative energy. (rN+)
You are resistant to electric shocks. (rElec)
You are resistant to unholy torment.
You are immune to petrification.


Message History

You barely miss something. Something hits you but does no damage.
You closely miss something. Something hits you.
* * * LOW HITPOINT WARNING * * *
You miss something. Something hits you but does no damage.
You closely miss something.
A ball python comes into view.
You hear some strange, mumbled words.
Something tries to affect you, but you resist.
You barely miss something. You sock something! Trog accepts your kill.
Trog appreciates your killing of a magic user.
Reactivating autopickup.
You feel a bit more experienced.
The orc wizard casts a spell.
The orc wizard flickers and vanishes!
Deactivating autopickup; reactivate with Ctrl-A.
Your Dodging skill increases to level 2!
You have reached level 5!
You sock the orc!
You kill the orc!
Trog accepts your kill.
You miss something. Something hits you but does no damage.
You hit something. Something hits you but does no damage.
The orc priest begins to cast a cantrip, but forgets the words!
You miss something. Something hits you.
* * * LOW HITPOINT WARNING * * *
The orc priest mumbles some strange prayers to Beogh against you.
Beogh smites you!
* * * LOW HITPOINT WARNING * * *
You sock something!
You are no longer berserk.
You are exhausted.
You feel yourself slow down.
You hit something but do no damage.
Something hits you but does no damage. x2
You closely miss something.
You hear some strange, mumbled words.
A magic dart appears from out of thin air!
The magic dart hits you!
You die...

##............[...#
#########.########...#
######### #.........#
.. #.......#
#.........# #.......#
#.........#
#.......###.........#
#.......#.....#.###.#..
#.......#.#####.......#
#......).[## #@###.###
######.....# ##{# #.#
#......#.# #So###.#
#........###....#
#.........#.....#..
#......#........S...
##......#...........#
#........##.....###..#
##.....................


You could see an orc priest and a ball python.

Vanquished Creatures
  An orc wizard (D:3)
  An adder (D:3)
  4 gnolls (D:2)
  A dart slug (D:1)
  2 orcs (D:3)
  4 ball pythons
  3 endoplasms
  2 giant cockroaches
  4 goblins
  A hobgoblin (D:3)
  5 jackals (D:2)
  2 quokkas (D:1)
  5 bats
  A frilled lizard (D:2)
  3 kobolds
  3 rats
42 creatures vanquished.

Notes
Turn   | Place    | Note
-------+----------+-------------------------------------------
     0 | D:1      | KittyFluff the Gargoyle Berserker began the quest for the
                  | Orb.
     0 | D:1      | Reached XP level 1. HP: 14/14 MP: 1/1
     3 | D:1      | Found a faded altar of an unknown god.
   151 | D:1      | Reached XP level 2. HP: 12/19 MP: 2/2
  1039 | D:2      | Reached XP level 3. HP: 20/24 MP: 3/3
  1043 | D:2      | HP: 1/36 [gnoll/+0 spear (7)]
  1047 | D:2      | Reached ** piety under Trog
  1048 | D:2      | Reached XP level 4. HP: 1/29 MP: 4/4
  1975 | D:3      | Reached XP level 5. HP: 14/33 MP: 5/5
  1978 | D:3      | HP: 2/49 [orc priest/divine providence (9)]
  1981 | D:3      | Killed from afar by an orc wizard

Illustrated notes

Levels and vault maps discovered:
D:1:      minmay_arrival_stone_box, layout_basic,
          chequers_ecumenical_altar_simple, minmay_misc_feat_tiny,
          hangedman_decor_lopped
D:2:      minmay_alternating_diamond, layout_basic
D:3:      layout_rooms

Skill      XL: |  1  2  3  4 |
---------------+-------------+-----
Fighting       | 4 |  4.2
Armour         | 3 |  3.1
Maces & Flails | 4 |  4.2
Dodging        | 2 |  2.0
Stealth        | |  0.3

Action                   |  1- 3 |  4- 6 || total
-------------------------+-------+-------++-------
Melee: Mace              |    59 |    67 ||   126
Invok: Berserk           |     1 |     1 ||     2
Armor: Animal skin       |    27 |    20 ||    47
       Leather armour    |       |     8 ||     8
Dodge: Dodged            |    40 |    35 ||    75
